 Dungeon Crawl Stone Soup version 0.28.0-45-g0d030f2227 (webtiles) character file.

Game seed: 6889356778860486209

4624 pkoi the Destroyer (level 10, -5/69 HPs)
             Began as a Demigod Conjurer on Apr 19, 2022.
             Killed from afar by Erica (22 damage)
             ... with a bolt of poison
             ... on level 8 of the Dungeon.
             The game lasted 00:15:22 (10598 turns).

pkoi the Destroyer (Demigod Conjurer)              Turns: 10598, Time: 00:15:23

Health: -5/69      AC:  9    Str:  8    XL:     10   Next: 0%
Magic:  16/22      EV: 16    Int: 38    God:
Gold:   398        SH:  0    Dex: 12    Spells: 10/21 levels left

rFire   . . .      SeeInvis .   v - +1 dagger (venom)
rCold   + . .      Faith    .   (no shield)
rNeg    . . .      Spirit   .   b - +0 steam dragon scales
rPois   .          Reflect  .   (no helmet)
rElec   .          Harm     .   r - +0 cloak
rCorr   +          Rampage  .   (no gloves)
Will    +....                   j - +2 pair of boots
Stlth   ++........              c - amulet of magic regeneration
HPRegen 0.21/turn               i - +6 ring of intelligence
MPRegen 0.58/turn               m - ring "Jicew" {rC+ rCorr EV+4}

@: lethally poisoned (-5 -> -18)
A: high MP 1, forlorn, divine attributes, mutation resistance 1
a: no special abilities


You were on level 8 of the Dungeon.
You visited 2 branches of the dungeon, and saw 9 of its levels.

You collected 398 gold pieces.

Inventory:

Hand Weapons
 o - a +2 whip of draining
 s - a +2 dagger of freezing
 v - a +1 dagger of venom (weapon)
 A - a +1 whip of electrocution
Missiles
 w - 5 atropa-tipped darts
 H - 2 throwing nets
Armour
 a - a +1 robe
 b - +0 steam dragon scales (worn)
 j - a +2 pair of boots (worn)
 r - a +0 cloak (worn)
Magical Staves
 C - a staff of cold
Jewellery
 c - an amulet of magic regeneration (around neck)
 i - a +6 ring of intelligence (left hand)
 k - a ring of willpower
 m - the ring "Jicew" (right hand) {rC+ rCorr EV+4}
   (You found it on level 4 of the Dungeon)

   [ring of evasion]

   EV:        It affects your evasion (+4).
   rC:        It protects you from cold.
   rCorr:     It protects you from acid and corrosion.
 t - an amulet of the acrobat
Wands
 l - a wand of polymorph (10)
 n - a wand of charming (10)
 u - a wand of digging (6)
 y - a wand of flame (17)
 B - a wand of iceblast (22)
 I - a wand of paralysis (2)
Scrolls
 g - a scroll of blinking
 h - 4 scrolls of enchant weapon
 q - a scroll of magic mapping
 D - 2 scrolls of identify
 F - a scroll of teleportation
Potions
 d - a potion of berserk rage
 e - 3 potions of resistance
 f - a potion of magic
 p - a potion of haste
 x - 2 potions of curing
 z - a potion of degeneration {unknown}
 E - a potion of flight {unknown}
 G - 2 potions of might


   Skills:
 - Level 3.0 Dodging
 - Level 3.3 Stealth
 - Level 6.0 Spellcasting
 + Level 8.2 Conjurations
 + Level 5.7 Hexes
 + Level 6.7 Translocations


You had 10 spell levels left.
You knew the following spells:

 Your Spells              Type           Power      Damage    Failure   Level
a - Magic Dart            Conj           100%       1d8       1%          1
b - Searing Ray           Conj           100%       2d8       1%          2
c - Iskenderun's Mystic   Conj/Tloc      62%        2d13      1%          4
d - Fulminant Prism       Conj/Hex       29%        3d14      1%          4

Your spell library contained the following spells:

 Spells                   Type           Power      Damage    Failure   Level
 Dazzling Flash           Conj/Hex       100%       N/A       1%          3
 Mephitic Cloud           Conj/Pois/Air  32%        N/A       3%          3
 Call Imp                 Summ           11%        N/A       4%          2
 Corpse Rot               Necr/Air       22%        N/A       4%          2
 Ozocubu's Armour         Ice            11%        N/A       9%          3
 Freezing Cloud           Conj/Ice/Air   16%        6-21      26%         5
 Dispel Undead            Necr           11%        3d9       30%         4
 Death Channel            Necr           5%         N/A       99%         6
 Simulacrum               Ice/Necr       5%         N/A       99%         6
 Ozocubu's Refrigeration  Ice            5%         4d6       100%        7
 Polar Vortex             Ice            5%         N/A       100%        9


Dungeon Overview and Level Annotations

Branches:
Dungeon (8/15)             Temple (1/1) D:4            Lair (0/6) D:8

Annotations:
D:8 Erica


Innate Abilities, Weirdness & Mutations

You have an increased reservoir of magic. (+10% MP)
You shall have no god before yourself.
Your divine heritage dramatically boosts your attributes as you level up.
You are somewhat resistant to further mutation.


Message History

Deactivating autopickup; reactivate with Ctrl-A.
You closely miss something.
You feel sick.
You hear some strange, mumbled words.
Something tries to affect you, but you resist.
You miss something.
You feel less confused.
You feel sick. Something hits you!
* * * LOW HITPOINT WARNING * * *
Something burns you.
* * * LOW HITPOINT WARNING * * *
You closely miss something.
You feel sick.
You are no longer poisoned.
You hear some strange, mumbled words.
You are confused.
Unknown command.
You hear some strange, mumbled words.
Something tries to affect you, but you resist.
You feel less confused. Something hits you.
* * * LOW HITPOINT WARNING * * *
Something burns you.
* * * LOW HITPOINT WARNING * * *
Casting: Iskenderun's Mystic Blast (dangerous; 1% risk of failure)
Confirm with . or Enter, or press ? or * to list all spells.
You can't see any susceptible monsters within range! (Use Z to cast anyway.) Unknown command.
Casting: Iskenderun's Mystic Blast (dangerous; 1% risk of failure)
Confirm with . or Enter, or press ? or * to list all spells.
You erupt in a blast of force!
The mystic blast hits something.
Unknown command.
Casting: Iskenderun's Mystic Blast (dangerous; 1% risk of failure)
Confirm with . or Enter, or press ? or * to list all spells.
Aiming: Searing Ray (safe; 1% risk of failure)
Press: ? - help, Shift-Dir - straight line, f - you (Press . to maintain the ray.)
You hear some strange, mumbled words.
A bolt of poison appears from out of thin air!
The bolt of poison hits you!!
You are poisoned.
You die...

##########
#........# #
#........# #######
#.....?..# #>.....
#........# ####..
#...[....# ##..(.
#........# #....#
#.@{.$...#####....#
#..........>......#
#........##########
#........# #
#.......... <
#............ #
#####.###..... #
#.# #+##. . #.# #


There were no monsters in sight!

Vanquished Creatures
  Pikel (D:7)
  Maggie (D:8)
  A troll (D:8)
  Prince Ribbit (D:5)
  A wyvern (D:8)
  A yak (D:8)
  A steam dragon (D:6)
  A water moccasin (D:8)
  A sky beast (D:5)
  5 black bears
  3 ice beasts
  An ogre (D:6)
  A centaur (D:8)
  3 lemures (D:7)
  3 phantoms
  Blork the orc (D:5)
  3 gnoll sergeants
  4 scorpions
  3 bullfrogs
  A water moccasin zombie (D:7)
  A howler monkey (D:8)
  A centaur zombie (D:7)
  4 hounds
  2 bullfrog skeletons
  An orc priest (D:5)
  Crazy Yiuf (D:7)
  Ijyb (D:5)
  2 centaur skeletons (D:7)
  2 gnoll shamans
  An iguana (D:7)
  Jessica (D:3)
  2 orc wizards
  A hound zombie (D:5)
  2 howler monkey skeletons (D:7)
  25 gnolls
  11 adders
  A shadow imp (D:6)
  3 white imps (D:6)
  A worm (D:2)
  22 orcs
  4 ball pythons
  6 bats
  6 endoplasms
  3 giant cockroaches
  9 goblins
  3 hobgoblins
  3 quokkas
  A frilled lizard (D:1)
  9 kobolds
  7 rats
173 creatures vanquished.

Vanquished Creatures (others)
  An iguana (D:6)
  7 fulminant prisms (D:8)
  2 fungi (D:8)
  2 plants (D:8)
12 creatures vanquished.

Grand Total: 185 creatures vanquished

Notes
Turn   | Place    | Note
-------+----------+-------------------------------------------
     0 | D:1      | pkoi the Demigod Conjurer began the quest for the Orb.
     0 | D:1      | Reached XP level 1. HP: 14/14 MP: 5/5
   523 | D:1      | Reached XP level 2. HP: 20/20 MP: 2/7
  1841 | D:2      | Reached XP level 3. HP: 26/26 MP: 5/8
  1937 | D:2      | Reached skill level 4 in Conjurations
  2808 | D:3      | Reached XP level 4. HP: 33/33 MP: 8/10
  2836 | D:3      | Noticed Jessica
  2844 | D:3      | Killed Jessica
  3161 | D:3      | Learned a level 2 spell: Searing Ray
  3539 | D:4      | Noticed a black bear
  3543 | D:4      | Killed a black bear
  3544 | D:4      | Reached XP level 5. HP: 38/38 MP: 5/12
  3699 | D:4      | Learned a level 4 spell: Iskenderun's Mystic Blast
  4156 | D:4      | Gained mutation: You are somewhat resistant to further
                  | mutation. [potion of mutation]
  4257 | D:4      | Identified the +1 chain mail "Umpydwiaxt" {+Blink Will++
                  | Int-4 Slay-5}
  4298 | D:4      | Reached skill level 1 in Translocations
  4298 | D:4      | Reached XP level 6. HP: 37/45 MP: 7/13
  4493 | D:4      | You fall into a shaft and drop 2 floors!
  4817 | D:6      | Noticed a steam dragon
  4833 | D:6      | Killed a steam dragon
  4834 | D:6      | Reached skill level 5 in Conjurations
  5163 | D:6      | Reached XP level 7. HP: 50/50 MP: 13/16
  5302 | D:5      | Entered Level 5 of the Dungeon
  5387 | D:5      | Learned a level 4 spell: Fulminant Prism
  5769 | D:4      | Identified the ring "Jicew" {rC+ rCorr EV+4}
  5929 | D:4      | Reached skill level 1 in Hexes
  5965 | D:4      | Found a staircase to the Ecumenical Temple.
  5985 | Temple   | Entered the Ecumenical Temple
  6698 | D:5      | Noticed Prince Ribbit
  6702 | D:5      | Reached skill level 6 in Conjurations
  6703 | D:5      | Reached XP level 8. HP: 47/57 MP: 14/18
  6914 | D:5      | Killed Prince Ribbit
  7120 | D:5      | Reached skill level 5 in Spellcasting
  7275 | D:5      | Noticed Blork the orc
  7283 | D:5      | Killed Blork the orc
  7742 | D:5      | Noticed Ijyb
  7750 | D:5      | Killed Ijyb
  8853 | D:7      | Reached skill level 5 in Translocations
  8868 | D:7      | Noticed Pikel
  8890 | D:7      | Killed Pikel
  8891 | D:7      | Reached skill level 7 in Conjurations
  8891 | D:7      | Reached XP level 9. HP: 61/62 MP: 8/21
  9643 | D:7      | Found a runed translucent door.
  9644 | D:7      | Noticed Crazy Yiuf
  9649 | D:7      | Killed Crazy Yiuf
  9739 | D:8      | Noticed Maggie
  9750 | D:8      | Killed Maggie
  9751 | D:8      | Reached skill level 5 in Hexes
 10262 | D:8      | Found a staircase to the Lair.
 10274 | D:8      | Reached skill level 8 in Conjurations
 10395 | D:8      | Reached XP level 10. HP: 69/69 MP: 14/22
 10573 | D:8      | Noticed Erica
 10598 | D:8      | Killed from afar by Erica

Illustrated notes

Levels and vault maps discovered:
D:1:      lightli_arrival_statuegarden, layout_basic
D:2:      layout_loops_ring
D:3:      layout_basic, uniq_jessica
D:4:      layout_layer_cave, minmay_temple_entry_grid
D:5:      layout_loops_cross, marbit_many_paths, uniq_ijyb, uniq_prince_ribbit1,
          uniq_blork_the_orc
D:6:      layout_basic
D:7:      layout_basic, lemuel_tele_altar, okawaru_metal_pillars_1_2,
          minmay_fractal_squares_5, uniq_pikel, uniq_crazy_yiuf_cottage
D:8:      layout_basic, mainiacjoe_overflow_swirl, david_lair_generic,
          uniq_joseph, uniq_erica, uniq_maggie
Temple:   nicolae_temple_great_sept

Skill      XL: |  1  2  3  4  5  6  7  8  9 |
---------------+----------------------------+-----
Stealth        | 2 3 |  3.3
Dodging        | 2 3 |  3.0
Spellcasting   | 2 3 4 5 6 |  6.0
Conjurations   | 4 5 6 7 8 |  8.2
Translocations | 1 2 3 5 6 |  6.7
Hexes          | 1 4 5 |  5.7

Action                   |  1- 3 |  4- 6 |  7- 9 | 10-12 || total
-------------------------+-------+-------+-------+-------++-------
Melee: Unarmed           |     1 |       |       |       ||     1
       Dagger            |       |     7 |       |     3 ||    10
       Punch             |       |     1 |       |       ||     1
 Cast: Magic Dart        |    85 |    63 |   147 |       ||   295
       Searing Ray       |       |    10 |    60 |     3 ||    73
       Iskenderun's Myst |       |       |     3 |     2 ||     5
       Fulminant Prism   |       |       |     6 |     1 ||     7
  Use: Scroll            |       |    13 |     3 |       ||    16
       Potion            |       |     4 |       |       ||     4
 Stab: Sleeping          |       |     1 |       |       ||     1
Armor: Robe              |     5 |     8 |       |       ||    13
       Steam dragon scal |       |       |    30 |     1 ||    31
Dodge: Dodged            |    13 |    16 |   100 |       ||   129
